 Dungeon Crawl Stone Soup version 0.13.0-18-g7b03ea5 (webtiles) character file.

86497 MDvedh the Bludgeoner (level 15, -2/124 (140) HPs)
             Began as a Deep Dwarf Artificer on Oct 22, 2013.
             Was the Champion of Makhleb.
             Killed from afar by an electric eel (5 damage)
             ... with a bolt of electricity
             ... on Level 15 of the Dungeon on Oct 23, 2013.
             The game lasted 02:29:56 (28028 turns).

MDvedh the Bludgeoner (Deep Dwarf Artificer)       Turns: 28028, Time: 02:29:57

HP  -2/124 (140) AC 25     Str 19      XL: 15   Next: 34%
MP   1/1         EV  6     Int 14 (15) God: Makhleb [******]
Gold 2176        SH 14     Dex 15      Spells:  0 memorised, 14 levels left

Res.Fire  : . . .   See Invis. : +   X - +1,+2 demon whip (venom)
Res.Cold  : . . .   Warding    : .   B - +5 orc plate armour
Life Prot.: + . .   Conserve   : .   y - +0 dwarf buckler
Res.Poison: .       Res.Corr.  : .   V - +0 helmet
Res.Elec. : .       Clarity    : .   (no cloak)
Sust.Abil.: . .     Spirit.Shd : .   (no gloves)
Res.Mut.  : +       Stasis     : .   b - +1 pair of boots
Res.Rott. : .       Flight     : .   E - amulet of resist mutation
Saprovore : . . .                    z - ring of see invisible
                                     n - +0,+8 ring of slaying

@: non-regenerating, mildly poisoned, very resistant to hostile enchantments,
extremely unstealthy
A: damage resistance, recharge devices, life protection 1, sense surroundings 2,
slow healing 3, Dex +2
a: Device Recharging, Minor Destruction, Lesser Servant of Makhleb, Major
Destruction, Greater Servant of Makhleb, Renounce Religion


You were on level 15 of the Dungeon.
You worshipped Makhleb.
Makhleb was exalted by your worship.
You were not hungry.

You visited 4 branches of the dungeon, and saw 28 of its levels.
You also visited: Ice Cave.

You collected 3324 gold pieces.
You spent 1168 gold pieces at shops.

Inventory:

Hand weapons
 X - a +1,+2 demon whip of venom (weapon)
Missiles
 e - 25 stones (quivered)
Armour
 b - a +1 pair of boots (worn)
 y - a +0 dwarven buckler (worn)
 B - a +5 orcish plate armour (worn)
 V - a +0 helmet (worn)
Magical devices
 c - a wand of enslavement (8)
 f - a wand of heal wounds (4)
 i - a wand of teleportation (2) {unknown}
 l - a wand of fireball (5)
 A - a wand of random effects (1)
 M - a wand of digging (9)
 Q - a wand of polymorph (6)
 W - a wand of enslavement (2)
Comestibles
 a - a choko
 g - 7 bread rations
 w - 6 honeycombs
 F - 6 beef jerkies
 O - a pear
Scrolls
 m - a scroll of identify
 o - 9 scrolls of fear
 p - 3 scrolls of recharging
 q - 3 scrolls of teleportation
 s - 3 scrolls of magic mapping
 x - 7 scrolls of remove curse
 G - a scroll of fog
 H - a scroll of amnesia
Jewellery
 d - an uncursed ring of protection from magic
 h - an uncursed ring of protection from cold
 n - a +0,+8 ring of slaying (left hand)
 v - an uncursed amulet of rage
 z - a ring of see invisible (right hand)
 C - a +3 ring of strength
 E - an amulet of resist mutation (around neck)
 I - a +5 ring of protection
 J - an uncursed ring of sustain abilities
 K - an uncursed ring of teleport control
 N - an uncursed ring of flight
 R - an uncursed ring of protection from cold
 S - an uncursed amulet of warding
 U - an uncursed ring of protection from fire
Potions
 j - a potion of agility
 k - a potion of flight
 r - 2 potions of speed
 t - a potion of might
 u - a potion of degeneration {unknown}
 D - 11 potions of curing
 L - 3 potions of resistance
 P - a potion of berserk rage
 T - a potion of porridge {unknown}
Miscellaneous
 Y - a sack of spiders


   Skills:
 + Level 12.9 Fighting
   Level 0.8 Short Blades
 - Level 15.7 Maces & Flails
 - Level 13.0 Armour
 - Level 2.1 Dodging
 - Level 1.2 Stealth
 - Level 8.6 Shields
 - Level 10.5 Invocations
 - Level 9.0 Evocations


You had 14 spell levels left.
You didn't know any spells.

Dungeon Overview and Level Annotations

Branches:
Dungeon (15/27)            Temple (1/1) D:5             Orc (4/4) D:7
    Elf (0/3) Orc:3          Lair (8/8) D:10          Swamp (0/5) Lair:3
  Snake (0/5) Lair:6        Slime (0/6) Lair:7
 Vaults: D:15-20

Altars:
Ashenzari
Cheibriados
Elyvilon
Fedhas
Kikubaaqudgha
Makhleb
Nemelex Xobeh
Okawaru
Sif Muna
Trog
Vehumet
Xom
Yredelemnul
Zin
the Shining One
Beogh

Shops:
D:8 *   Orc:1 +   Orc:4 !(%(

Annotations:
D:11 exclusions: oklob plant and silver statue
D:15 Agnes


Innate Abilities, Weirdness & Mutations

You are resistant to damage.
You can recharge devices by infusing magical energy.
You resist negative energy.
You passively map the area around you.
You do not heal naturally.
You are agile. (Dex +2)


Message History

Unknown command.
You whack Agnes!
Agnes is poisoned.
Agnes is moderately wounded.
Agnes hits you with a lajatang of electrocution!
* * * LOW HITPOINT WARNING * * *
Unknown command.
Evoke which item? (* to show all) (? for menu, Esc to quit)
Zapping:
f - a wand of heal wounds (5)
Press: ? - help, Shift-Dir - straight line, f - you You feel much better.
This wand has 4 charges left.
Agnes hits you with a lajatang of electrocution.
* * * LOW HITPOINT WARNING * * *
You are electrocuted!
* * * LOW HITPOINT WARNING * * *
Your cacodemon completely misses Agnes.
Your cacodemon hits Agnes.
The electric eel shoots out a bolt of electricity!
The bolt of electricity hits your cacodemon.
Your cacodemon appears unharmed.
The bolt of electricity hits you!
You die...

** * *
≈≈≈≈.≈.# ,
#≈≈≈≈.≈.# ,
##≈≈≈;.≈.# *
, *
#≈≈≈≈≈.≈..,,
,, #≈≈≈≈.≈#
* ,,
*#≈≈≈.≈# *
#≈≈.# , **
###2..##, ,
, #.@i...#
,, #...[..#
* *
#.......#
#......#.# *
#.)....# #
#......#
#.(....#
#.(....# *
#......#


You could see Agnes, an electric eel and a friendly cacodemon.

Vanquished Creatures
  2 death oozes (Lair:8)
  3 hydras
  2 ice dragons
  4 orc high priests
  A naga warrior (Lair:6)
  3 centaur warriors
  A soul eater (Orc:4)
  5 skeletal warriors
  A sun demon (Orc:4)
  Erolcha (Orc:1)
  A giant amoeba (Lair:7)
  6 hill giants
  4 orc knights (Orc:4)
  Joseph (D:9)
  5 orc sorcerers (Orc:4)
  2 cyclopes
  2 griffons
  A moth of wrath (shapeshifter) (D:13)
  Maurice (D:11)
  A guardian serpent (D:9)
  2 black mambas
  28 spiny frogs
  A fire drake (Lair:2)
  A spiny frog (shapeshifter) (D:14)
  10 komodo dragons
  A queen bee (D:10)
  2 two-headed ogres (D:10)
  Sonja (D:12)
  5 trolls
  34 blink frogs
  8 brown oozes (Lair:8)
  A giant leech (Lair:8)
  A griffon zombie (D:14)
  8 slime creatures
  4 basilisks
  2 grizzly bears
  2 wyverns
  A shadow (D:12)
  4 hill giant zombies
  A trapdoor spider (D:13)
  2 ynoxinuls
  2 water elementals
  5 sharks
  3 elephant slugs
  3 wraiths
  41 yaks
  A chaos spawn (Orc:4)
  A vampire (D:13)
  A hungry ghost (D:13)
  5 ugly things (D:14)
  8 vampire mosquitoes
  8 wolves
  3 hippogriffs
  2 hill giant skeletons
  A steam dragon (Lair:8)
  8 porcupines
  4 manticores
  A soldier ant (D:11)
  2 nagas (Lair:6)
  A black bear (D:8)
  17 ice beasts
  12 giant goldfish
  13 ogres
  A sky beast (D:11)
  28 orc warriors
  5 centaurs
  5 crocodiles
  5 boring beetles
  3 big kobolds
  4 wargs
  9 giant slugs
  A brain worm (D:12)
  11 water moccasins
  30 giant frogs
  A manticore zombie (D:10)
  8 agate snails
  A gnoll sergeant (D:9)
  A cyclops skeleton (D:11)
  A hippogriff zombie (D:5)
  33 killer bees
  12 electric eels
  10 jellyfish
  13 wights
  2 yak skeletons
  2 troll skeletons
  7 crimson imps
  2 giant frog zombies
  5 goliath beetles
  5 jellies
  8 hounds
  A quasit (D:9)
  10 big fish
  28 orc priests
  A scorpion (D:6)
  A two-headed ogre zombie (D:11)
  2 giant frog skeletons (D:11)
  5 iguanas
  31 orc wizards
  A spider (D:14)
  4 worker ants
  A killer bee zombie (D:9)
  26 sheep
  A big kobold zombie (D:13)
  An ogre zombie (D:9)
  Jessica (D:2)
  A crocodile zombie (D:12)
  A crocodile skeleton (D:13)
  4 boggarts (D:13)
  15 gnolls
  11 adders
  A giant centipede (Lair:6)
  60 green rats
  12 white imps (Orc:4)
  7 worms
  2 ufetubi (D:11)
  10 orc zombies (Orc:4)
  An adder zombie (D:7)
  A giant eyeball (D:4)
  8 oozes
  3 giant geckos
  160 orcs
  31 bats
  26 goblins
  25 hobgoblins
  16 jackals
  17 quokkas
  A ball python (D:1)
  5 giant cockroaches
  4 giant newts
  A giant spore (D:7)
  A hobgoblin skeleton (D:9)
  31 kobolds
  23 rats
  4 ballistomycetes (D:7)
  A plant (Lair:8)
1118 creatures vanquished.

Vanquished Creatures (collateral kills)
  An acid blob (Lair:8)
  Maud (Lair:5)
  A hydra (Lair:5)
  An ice dragon (IceCv)
  A spiny frog (Lair:4)
  A spriggan druid (Lair:4)
  4 blink frogs (Lair:4)
  A hippogriff (Lair:4)
  3 porcupines
  An orc warrior (D:7)
  A giant goldfish (Lair:5)
  A crocodile (Lair:5)
  A boring beetle (Lair:4)
  A giant frog (D:7)
  A water moccasin (Lair:4)
  A crimson imp (Lair:5)
  A big fish (Lair:5)
  A gnoll shaman (D:6)
  An orc priest (D:7)
  2 iguanas
  A gnoll (D:6)
  5 orcs
  4 jackals (Lair:4)
  2 bats (Lair:4)
  2 goblins (D:7)
40 creatures vanquished.

Vanquished Creatures (others)
  A cacodemon (Lair:8)
  3 smoke demons
  2 hellwings
  4 ynoxinuls
  3 neqoxecs
  A killer bee (D:12)
  3 crimson imps (Lair:5)
  2 quasits (Lair:5)
  An iron imp (Lair:5)
  An adder (D:12)
  2 lemures (Lair:5)
  A white imp (Lair:5)
  23 ufetubi
  A giant spore (D:10)
  3 fungi
  7 plants
58 creatures vanquished.

Grand Total: 1216 creatures vanquished

Notes
Turn   | Place    | Note
--------------------------------------------------------------
     0 | D:1      | MDvedh, the Deep Dwarf Artificer, began the quest for the Orb.
     0 | D:1      | Reached XP level 1. HP: 19/19 MP: 1/1
   100 | D:1      | Reached skill level 1 in Armour
   121 | D:1      | Reached XP level 2. HP: 9/26 MP: 3/3
   432 | D:1      | Reached XP level 3. HP: 18/32 MP: 5/5
   718 | D:2      | Noticed Jessica
   735 | D:2      | Killed Jessica
   981 | D:2      | Reached XP level 4. HP: 15/39 MP: 6/6
  1843 | D:3      | Reached skill level 5 in Armour
  1927 | D:3      | Reached XP level 5. HP: 32/45 MP: 8/8
  2210 | D:3      | Reached skill level 1 in Maces & Flails
  2402 | D:4      | Reached skill level 1 in Shields
  2653 | D:4      | Paralysed by a giant eyeball for 3 turns
  2692 | D:4      | Gained mutation: You are agile. (Dex +2) [potion of beneficial mutation]
  3218 | D:4      | Reached XP level 6. HP: 30/52 MP: 10/10
  3446 | D:5      | Entered Level 5 of the Dungeon
  4042 | D:5      | Reached XP level 7. HP: 42/58 MP: 10/10
  4084 | D:5      | Reached skill level 5 in Maces & Flails
  4457 | D:5      | Found a staircase to the Ecumenical Temple.
  4467 | Temple   | Entered the Ecumenical Temple
  4980 | D:5      | Reached skill level 6 in Maces & Flails
  5460 | D:6      | Found a shimmering altar of Xom.
  5460 | D:6      | Found a shimmering altar of Xom.
  5712 | D:6      | Reached skill level 7 in Maces & Flails
  6161 | D:7      | Reached XP level 8. HP: 31/66 MP: 12/12
  6338 | D:7      | Found a staircase to the Orcish Mines.
  6343 | D:7      | Reached skill level 8 in Maces & Flails
  6399 | D:7      | Reached skill level 9 in Maces & Flails
  6620 | D:7      | Found a white marble altar of Elyvilon.
  6627 | D:7      | Found a glowing golden altar of the Shining One.
  6627 | D:7      | Found a burning altar of Makhleb.
  6628 | D:7      | Found a bloodstained altar of Trog.
  6628 | D:7      | Found an ancient bone altar of Kikubaaqudgha.
  6629 | D:7      | Found a glowing silver altar of Zin.
  6631 | D:7      | Found a shattered altar of Ashenzari.
  6633 | D:7      | Found a deep blue altar of Sif Muna.
  6636 | D:7      | Became a worshipper of Makhleb the Destroyer
  7027 | D:7      | Reached skill level 10 in Maces & Flails
  7525 | D:8      | Gained mutation: You passively map the area around you. [level up]
  7525 | D:8      | Reached XP level 9. HP: 39/72 MP: 14/14
  7732 | D:8      | Reached skill level 5 in Shields
  7849 | D:8      | Acquired Makhleb's first power
  7974 | D:8      | Found Zale's General Store.
  7980 | D:8      | Bought a wand of flame (9) for 71 gold pieces
  7980 | D:8      | Bought 2 potions of curing for 52 gold pieces
  7980 | D:8      | Bought 3 scrolls of identify for 78 gold pieces
  7980 | D:8      | Bought a scroll of identify for 26 gold pieces
  8326 | D:9      | Noticed Joseph
  8702 | D:9      | Acquired Makhleb's second power
  8817 | D:9      | Killed Joseph
  8817 | D:9      | Reached XP level 10. HP: 61/80 MP: 12/12
  8895 | D:9      | Noticed a guardian serpent
  9012 | D:9      | Killed a guardian serpent
  9012 | D:9      | Reached skill level 10 in Armour
  9286 | D:10     | Entered Level 10 of the Dungeon
  9436 | D:10     | Found a staircase to the Lair.
  9552 | D:10     | Acquired Makhleb's third power
  9569 | D:10     | Reached skill level 11 in Armour
  9863 | D:10     | Reached skill level 12 in Armour
 10072 | D:10     | Found a flagged portal.
 10212 | D:10     | Noticed a hill giant
 10248 | D:9      | Acquired Makhleb's fourth power
 10307 | Lair:1   | Entered Level 1 of the Lair of Beasts
 10405 | Lair:1   | Reached skill level 13 in Armour
 10419 | Lair:1   | Reached XP level 11. HP: 30/86 MP: 10/10
 10642 | Lair:1   | Reached skill level 1 in Invocations
 10768 | Lair:1   | Reached skill level 5 in Evocations
 11473 | Lair:2   | Acquired Makhleb's fifth power
 11740 | Lair:2   | Reached skill level 5 in Invocations
 12356 | Lair:3   | Found a staircase to the Swamp.
 12890 | Lair:3   | Reached skill level 1 in Fighting
 13524 | Lair:3   | Noticed an ice dragon
 13597 | Lair:3   | Killed an ice dragon
 13597 | Lair:3   | Reached skill level 5 in Fighting
 13868 | Lair:3   | Reached XP level 12. HP: 60/102 MP: 11/11
 14241 | Lair:4   | Noticed a six-headed hydra
 14259 | Lair:4   | Killed a six-headed hydra
 14854 | Lair:5   | Noticed a five-headed hydra
 14890 | Lair:5   | Killed a five-headed hydra
 15296 | Lair:5   | Noticed Maud
 15381 | Lair:5   | Killed Maud
 15446 | Lair:5   | Reached skill level 10 in Fighting
 15718 | Orc:1    | Entered Level 1 of the Orcish Mines
 15718 | Orc:1    | Found Puifoc's Book Shoppe.
 16486 | Orc:2    | Found a radiant altar of Vehumet.
 16824 | Orc:1    | Noticed Erolcha
 17129 | Orc:3    | Found a staircase to the Elven Halls.
 17262 | Orc:4    | Entered Level 4 of the Orcish Mines
 17520 | Orc:4    | Found a frozen archway.
 17563 | IceCv    | Entered an ice cave
 18055 | IceCv    | Noticed an ice dragon
 18055 | IceCv    | Noticed an ice dragon
 18071 | IceCv    | Killed an ice dragon
 18086 | IceCv    | Killed an ice dragon
 18086 | IceCv    | Reached XP level 13. HP: 65/117 MP: 2/2
 18805 | Orc:1    | Killed Erolcha
 18914 | Orc:1    | Found a roughly hewn altar of Beogh.
 19337 | Lair:5   | Reached skill level 10 in Invocations
 19723 | Lair:6   | Found a staircase to the Snake Pit.
 20508 | Lair:7   | Found a staircase to the Slime Pits.
 20917 | Lair:7   | Found a radiant altar of Vehumet.
 21236 | Lair:8   | Entered Level 8 of the Lair of Beasts
 21340 | Lair:8   | Noticed an acid blob
 21503 | Lair:8   | Killed an acid blob
 21503 | Lair:8   | Gained mutation: You resist negative energy. [level up]
 21503 | Lair:8   | Reached XP level 14. HP: 67/119 MP: 2/2
 21543 | Lair:8   | Reached skill level 14 in Maces & Flails
 22027 | Lair:8   | Reached skill level 15 in Maces & Flails
 23877 | Orc:4    | Found Smaevan's Distillery.
 23881 | Orc:4    | HP: 1/111 [orc warrior/orcish glaive (14)]
 24357 | Orc:4    | Found Kheales' Antique Weapon Shop.
 24364 | Orc:4    | Found Chaummo's Weapon Emporium.
 24367 | Orc:4    | Found Gryeps' Food Emporium.
 24394 | Orc:4    | Paralysed by an orc sorcerer for 4 turns
 24451 | Orc:4    | Bought a potion of curing for 36 gold pieces
 24451 | Orc:4    | Bought 2 potions of resistance for 252 gold pieces
 24451 | Orc:4    | Bought 2 potions of speed for 198 gold pieces
 24464 | Orc:4    | Bought a runed demon whip for 455 gold pieces
 25297 | D:11     | Noticed Maurice
 25314 | D:11     | Killed Maurice
 25686 | D:11     | Found a glowing golden altar of the Shining One.
 25980 | D:12     | Noticed Sonja
 26016 | D:12     | Killed Sonja
 26477 | D:13     | Reached XP level 15. HP: 120/120 MP: 1/1
 27187 | D:14     | Entered Level 14 of the Dungeon
 27986 | D:15     | Entered Level 15 of the Dungeon
 28020 | D:15     | Noticed Agnes
 28027 | D:15     | HP: 4/124 [Agnes/lajatang of electrocution (13)]
 28028 | D:15     | Killed from afar by an electric eel

Action                   |  1- 3 |  4- 6 |  7- 9 | 10-12 | 13-15 || total
-------------------------+-------+-------+-------+-------+-------++-------
Melee: Short sword       |   161 |   136 |       |       |       ||   297
       Whip              |       |   417 |   849 |   754 |  1941 ||  3961
       Mace              |       |       |   185 |  1426 |       ||  1611
       Flail             |       |       |       |  1096 |       ||  1096
       Demon whip        |       |       |       |       |   788 ||   788
Throw: Stone             |       |       |     2 |     1 |       ||     3
Invok: Lesser Servant of |       |       |       |    20 |     3 ||    23
       Greater Servant o |       |       |       |     1 |     2 ||     3
 Abil: Device Recharging |       |     1 |     3 |    19 |     4 ||    27
Evoke: Wand              |     3 |    11 |    84 |   103 |    20 ||   221
  Use: Scroll            |       |    12 |    16 |    19 |    15 ||    62
       Potion            |       |     6 |       |    12 |     3 ||    21
 Stab: Confused          |       |       |     3 |       |       ||     3
       Paralysed         |       |       |       |     5 |       ||     5
       Distracted        |       |       |       |     2 |       ||     2
       Fleeing           |       |       |       |     1 |       ||     1
